 Dungeon Crawl Stone Soup version 0.28-a0-687-gb91baff9cc (webtiles) character file.

Game seed: 13975640870444041665

274 bande the Shield-Bearer (level 6, -12/38 HPs)
             Began as a Gargoyle Fighter on Oct 19, 2021.
             Mangled by an ogre (18 damage)
             ... on level 4 of the Dungeon on Oct 20, 2021.
             The game lasted 00:09:16 (3941 turns).

bande the Shield-Bearer (Gargoyle Fighter)          Turns: 3941, Time: 00:09:17

Health: -12/38     AC: 17    Str: 20 (21) XL:     6   Next: 24%
Magic:  6/6        EV:  2    Int:  7 (8)  God:
Gold:   133        SH: 12    Dex:  8 (10) Spells: 5/5 levels left

rFire   . . .      SeeInvis .   a - +1 war axe
rCold   . . .      Faith    .   m - +0 tower shield
rNeg    + . .      Spirit   .   e - +0 plate armour
rPois   ∞          Reflect  .   h - +0 helmet
rElec   +          Harm     .   (no cloak)
rCorr   .          Rampage  .   (no gloves)
Will    +....      Clarity  +   (no boots)
Stlth   ..........              (no amulet)
HPRegen 1.12/turn               k - ring of willpower
MPRegen 0.10/turn               (no ring)

@: no status effects
A: sickness immunity, AC +4, negative energy resistance 1, electricity
resistance, torment resistance 1, petrification resistance, clarity,
regeneration 1
a: no special abilities


You were on level 4 of the Dungeon.
You visited 1 branch of the dungeon, and saw 6 of its levels.

You collected 133 gold pieces.

Inventory:

Hand Weapons
 a - a +1 war axe (weapon)
Armour
 e - a +0 plate armour (worn)
 h - a +0 helmet (worn)
 m - a +0 tower shield (worn)
Jewellery
 k - a ring of willpower (left hand)
Wands
 f - a wand of flame (12)
Scrolls
 b - 2 scrolls of teleportation
 c - a scroll of enchant armour {unknown}
Potions
 d - a potion of might
 i - 2 potions of magic


   Skills:
 + Level 4.1 Fighting
 + Level 3.5 Axes
 + Level 4.6 Armour
 + Level 4.8 Shields


You had 5 spell levels left.
You didn't know any spells.
Your spell library was empty.

Dungeon Overview and Level Annotations

Branches:
Dungeon (6/15)
 Temple: D:4-7

Altars:
Makhleb


Innate Abilities, Weirdness & Mutations

You are immune to sickness and miasma.
Your stone body is resilient. (AC +4)
You are immune to poison.
You resist negative energy. (rN+)
You are resistant to electric shocks. (rElec)
You are resistant to unholy torment.
You are immune to petrification.
You possess an exceptional clarity of mind.
Your natural rate of healing is unusually fast.


Message History

Items here: )))))) [[[ ††††.
You feel a little less mighty now.
You now have 123 gold pieces (gained 14).
c - a scroll labelled WAZOHECVECH You now have 133 gold pieces (gained 10).
f - a wand of flame (12)
An ogre and a skeleton come into view.
The ogre shouts!
A sky beast comes into view.
The hound skeleton moves out of view.
You feel a little less clever now. You block the hound skeleton's attack.
The hound skeleton bites you but does no damage.
The hound skeleton bites you but does no damage.
Items here: )))))) [[[ ††††.
You see here an iguana corpse.
You block the hound skeleton's attack.
There is a stone staircase leading down here.
You slash the hound skeleton!
The hound skeleton is heavily damaged.
You block the hound skeleton's attack.
The hound skeleton bites you but does no damage.
You hit the hound skeleton.
The hound skeleton is heavily damaged.
You block the hound skeleton's attack.
The hound skeleton bites you but does no damage.
You closely miss the ogre. You block the hound skeleton's attack.
The ogre hits you with a +0 giant club!
You closely miss the ogre. You hit the hound skeleton.
You block the hound skeleton's attack.
The ogre hits you with a +0 giant club!!
Ouch! That really hurt!
* * * LOW HITPOINT WARNING * * *
The hound skeleton bites you.
* * * LOW HITPOINT WARNING * * *
You barely miss the ogre. You slash the hound skeleton!
You destroy the hound skeleton!
You block the ogre's attack.
The ogre hits you with a +0 giant club!!
You die...

###########
#.........#
#.........#
#.......@.#
##.......O.#
..#..........#
.............#
.##...).)...#
.. #####†#####
#...####)#
#......#
#..####..#


You could see an ogre.

Vanquished Creatures
  A phantom (D:5)
  A scorpion (D:5)
  An iguana (D:4)
  A killer bee zombie (D:4)
  A hound skeleton (D:4)
  3 adders
  10 orcs
  5 ball pythons
  4 endoplasms
  A giant cockroach (D:1)
  3 goblins
  7 hobgoblins
  2 jackals (D:2)
  3 kobolds
  4 bats
  3 frilled lizards
  A quokka skeleton (D:3)
  6 rats (D:1)
57 creatures vanquished.

Notes
Turn   | Place    | Note
-------+----------+-------------------------------------------
     0 | D:1      | bande the Gargoyle Fighter began the quest for the Orb.
     0 | D:1      | Reached XP level 1. HP: 14/14 MP: 1/1
    15 | D:1      | Noticed a minotaur zombie
    15 | D:1      | Noticed a minotaur zombie
   370 | D:1      | Reached XP level 2. HP: 19/19 MP: 2/2
  2015 | D:2      | Reached XP level 3. HP: 23/23 MP: 3/3
  2748 | D:3      | Reached XP level 4. HP: 25/29 MP: 4/4
  3099 | D:3      | Found a burning altar of Makhleb.
  3292 | D:3      | You fall into a shaft and drop 3 floors!
  3318 | D:5      | Entered Level 5 of the Dungeon
  3318 | D:5      | Noticed a scorpion
  3331 | D:5      | Killed a scorpion
  3332 | D:5      | Reached XP level 5. HP: 19/33 MP: 5/5
  3594 | D:5      | Noticed a phantom
  3620 | D:5      | Killed a phantom
  3832 | D:4      | Reached XP level 6. HP: 4/38 MP: 6/6
  3835 | D:4      | Gained mutation: Your natural rate of healing is unusually
                  | fast. [potion of mutation]
  3835 | D:4      | Gained mutation: You possess an exceptional clarity of
                  | mind. [potion of mutation]
  3914 | D:4      | Noticed a sky beast
  3941 | D:4      | Mangled by an ogre

Illustrated notes

Levels and vault maps discovered:
D:1:      shiori_arrival_whats_in_store_for_you, layout_basic,
          minmay_split_cup_small
D:2:      layout_loops_ring, hangedman_abyss_or_decor_lesser_grid,
          kennysheep_decorative_pillar
D:3:      layout_loops_cross, nicolae_overflow_crystal_walls,
          okawaru_altar_gauntlet_db, serial_park_tiny_pond, dk_noncrumbling_2
D:4:      layout_rooms, nicolae_wu_jian_immortal_techniques
D:5:      layout_basic
D:6:      layout_basic, nicolae_tso_swordbearing_angel,
          mainiacjoe_overflow_chevrons, minmay_temple_entry_mist,
          gammafunk_ghost_hive

Skill      XL: |  1  2  3  4  5 |
---------------+----------------+-----
Axes           | 2 3 |  3.5
Armour         | 4 |  4.6
Shields        | 4 |  4.8
Fighting       | 4 |  4.1

Action                   |  1- 3 |  4- 6 || total
-------------------------+-------+-------++-------
Melee: War axe           |   104 |    95 ||   199
  Use: Scroll            |     3 |     2 ||     5
       Potion            |       |     5 ||     5
Armor: Scale mail        |    45 |       ||    45
       Chain mail        |    41 |    25 ||    66
       Plate armour      |       |    73 ||    73
Dodge: Dodged            |    52 |    10 ||    62
Block: Buckler           |    14 |       ||    14
       Tower shield      |    39 |    96 ||   135

Table legend: (Time is in decaauts)
 A = Elapsed time spent in this place.
 B = Non-inter-level travel time spent in this place.
 C = Inter-level travel time spent in this place.
 D = Time resting spent in this place.
 E = Time spent auto-exploring this place.
 F = Levels seen in this place.
 G = Mean time per level.
                   A        B        C        D        E       F      G
               +--------+--------+--------+--------+--------+-----+--------+
         Total |   4052 |   3958 |     94 |    580 |   2065 |   6 |  675.3 |
       Dungeon |   4052 |   3958 |     94 |    580 |   2065 |   6 |  675.3 |
               +--------+--------+--------+--------+--------+-----+--------+

Top non-repeatable levels by time:
     D:1: 1828 daAuts
     D:2: 927 daAuts
     D:3: 616 daAuts
     D:5: 365 daAuts
     D:4: 289 daAuts
     D:6: 25 daAuts
